 Dungeon Crawl Stone Soup version 0.31-a0-365-gcf821cafb2 (webtiles) character file.

Game seed: 4297844750244178546

279 lunkers the Grappler (level 6, -1/47 HPs)
             Began as a Meteoran Shapeshifter on July 27, 2023.
             Was a Follower of Okawaru.
             Slain by Blork the orc
             ... wielding a +0 hand axe
              (3 damage)
             ... on level 5 of the Dungeon.
             The game lasted 00:02:16 (943 turns).

lunkers the Grappler (Meteoran Shapeshifter)         Turns: 943, Time: 00:02:16

Health: -1/47      AC:  7    Str: 17    XL:     6   Next: 82%
Magic:  6/8        EV: 13    Int: 10    God:    Okawaru [*.....]
Gold:   139        SH:  0    Dex: 16    Spells: 5/5 levels left

rFire   . .          .
                       - Unarmed
rCold   . . .        (no shield)
rNeg    . . .        b - +0 scale mail {Will+}
rPois   .            (helmet currently unavailable)
rElec   .            (cloak currently unavailable)
rCorr   .            (gloves currently unavailable)
SInv    .            (boots currently unavailable)
Will    +....        (no amulet)
Stlth   +            (no ring)
HPRegen 0.27/turn    (no ring)
MPRegen 0.11/turn

%: no passive effects
@: beast-form, heroic, glowing
A: beast (slay +2), sense surroundings 1, otherworldly, glowing, explore regen
a: Begin Untransformation, Renounce Religion, Heroism


You were on level 5 of the Dungeon.
You worshipped Okawaru.
Okawaru was aware of your devotion.
You were a hulking beast.
You visited 1 branch of the dungeon, and saw 4 of its levels.

You collected 139 gold pieces.

Inventory:

Armour
 b - a +0 scale mail of willpower (worn)
 f - a +0 scale mail
 h - a scarf of resistance
Talismans
 c - a beast talisman
Scrolls
 e - 2 scrolls of teleportation
 i - a scroll of amnesia {unknown}
 j - a scroll of identify
Potions
 a - a potion of invisibility {unknown}
 d - a potion of mutation {unknown}
 g - a potion of cancellation {unknown}


   Skills:
 - Level 1.1(6.1) Fighting
 - Level 2.4(7.4) Dodging
 + Level 8.0(13.0) Unarmed Combat
 + Level 1.7 Invocations
 - Level 3.6 Shapeshifting


You had 5 spell levels left.
You didn't know any spells.
Your spell library contained the following spells:

 Spells                   Type           Power      Damage    Failure   Level
 Lesser Beckoning         Tloc           0%         N/A       87%         2
 Gell's Gravitas          Tloc           0%         N/A       98%         3
 Teleport Other           Tloc           0%         N/A       98%         3
 Conjure Ball Lightning   Conj/Air       0%         3x3d6     100%        6
 Discord                  Hex            0%         N/A       100%        8
 Disjunction              Tloc           0%         N/A       100%        8


Dungeon Overview and Level Annotations

Branches:
Dungeon (3/15) Zot: 1467

Altars:
Nemelex Xobeh
Okawaru

Annotations:
D:5 Blork the orc


Innate Abilities, Weirdness & Mutations

You are a hulking beast.
Your limbs bulge with bestial killing power. (Slay +2)
You passively map a small area around you.
You are easily found by Zot.
You glow in the dark.
You regain HP and MP as you explore.


Message History

The puff of flame hits you.
* * * LOW HITPOINT WARNING * * *
Blork the orc mumbles some strange words.
Blork the orc seems to speed up.
You punch Blork the orc!
Blork the orc is moderately wounded.
Unknown command.
Found 13 gold pieces.
Something hits you.
* * * LOW HITPOINT WARNING * * *
Blork the orc closely misses you.
Blork the orc gestures at you while chanting.
The puff of flame hits you!
* * * LOW HITPOINT WARNING * * *
Something hits you but does no damage.
Unknown command.
You hit Blork the orc. Your punch misses Blork the orc.
Blork the orc is moderately wounded.
Something hits you but does no damage.
Blork the orc gestures at you while chanting.
The puff of flame hits you.
* * * LOW HITPOINT WARNING * * *
Unknown command.
You punch Blork the orc!
Blork the orc is severely wounded.
Blork the orc hits you but does no damage.
Something hits you but does no damage.
Unknown command.
You punch Blork the orc!
Blork the orc is almost dead.
Blork the orc looks braver for a moment.
Something hits you but does no damage.
Unknown command.
You closely miss Blork the orc.
Blork the orc is almost dead.
Blork the orc casts a spell at you. The puff of frost hits you.
* * * LOW HITPOINT WARNING * * *
Something completely misses you.
Blork the orc hits you with a +0 hand axe.
You die...

, .#<..#. *
##.############ .....#.*
#..)........#..
.......#####........##.##.
..........#........##.##.
#..§...).........##....
#....§)......##########
#....§≈≈≈≈≈≈.#, ,, #
#....o{......... , , #
#....≈h≈≈≈.≈.#.. ,, #
.......≈.....≈.#.##* #
*........≈.._..≈.# # #
........≈.....≈... #
........≈.≈≈≈.≈[#.* #
................# #
.....$.≈≈≈≈≈≈≈.# ####
#####.......... , .... * ,
* ###


You could see Blork the orc (fast).

Vanquished Creatures
  Edmund (D:5)
  2 jellies (D:5)
  An iguana (D:5)
  3 gnolls (D:2)
  An adder (D:5)
  A dart slug (D:5)
  5 orcs
  An endoplasm (D:1)
  A giant cockroach (D:2)
  2 goblins (D:1)
  4 hobgoblins (D:1)
  2 quokkas
  5 ball pythons (D:1)
  2 bats
  A frilled lizard (D:1)
  A kobold (D:3)
  3 rats
36 creatures vanquished.

Notes
Turn   | Place    | Note
-------+----------+-------------------------------------------
     0 | D:1      | lunkers the Meteoran Shapeshifter began the quest for the
                  | Orb.
     0 | D:1      | Reached XP level 1. HP: 16/16 MP: 2/2
    19 | D:1      | Reached skill level 4 in Unarmed Combat
    47 | D:1      | Reached XP level 2. HP: 23/23 MP: 3/3
   273 | D:1      | Found a faded altar of an unknown god.
   284 | D:1      | Reached XP level 3. HP: 27/28 MP: 4/4
   297 | D:1      | Prayed at the altar of an unknown god.
   297 | D:1      | Became a worshipper of Warmaster Okawaru
   297 | D:1      | Reached * piety under Okawaru
   498 | D:2      | Reached skill level 5 in Unarmed Combat
   518 | D:2      | Reached XP level 4. HP: 35/35 MP: 5/5
   761 | D:3      | You fall into a shaft and drop 2 floors!
   761 | D:5      | Entered Level 5 of the Dungeon
   796 | D:5      | Reached skill level 6 in Unarmed Combat
   803 | D:5      | Noticed Edmund
   813 | D:5      | Killed Edmund
   814 | D:5      | Reached skill level 7 in Unarmed Combat
   814 | D:5      | Reached XP level 5. HP: 19/40 MP: 6/6
   814 | D:5      | Reached XP level 6. HP: 22/47 MP: 7/7
   893 | D:5      | Found a sparkling altar of Nemelex Xobeh.
   917 | D:5      | Reached skill level 1 in Invocations
   924 | D:5      | Reached skill level 8 in Unarmed Combat
   927 | D:5      | Noticed Blork the orc
   943 | D:5      | HP: 2/47 [Blork the orc/puff of frost (5)]
   943 | D:5      | Slain by Blork the orc

Illustrated notes

Levels and vault maps discovered:
D:1:      noname_arrival_rooms_in_the_neighbourhood, layout_loops_ring,
          hellmonk_ecumenical_altar_arch_garden
D:2:      layout_basic, uniq_sigmund, uniq_crazy_yiuf_cottage
D:3:      minmay_bubble_buster, layout_basic,
          mainiacjoe_overflow_six_doors_small, lemuel_coloured_pillars_altar,
          serial_shops, nicolae_shop_rolled_up, serial_bayou_ford_a,
          lightli_corner_chamber
D:5:      layout_basic, mainiacjoe_overflow_cross_hatched, enter_ossuary_4,
          uniq_blork_the_orc, uniq_edmund, uniq_duvessa, uniq_grinder

Skill      XL: |  1  2  3  4  5  6 |
---------------+-------------------+-----
Unarmed Combat | 4 5 7 8 |  8.0
Invocations    | 1 |  1.7
Fighting       | |  1.1
Dodging        | |  2.4
Shapeshifting  | |  3.6

Action                     |  1- 3 |  4- 6 || total
---------------------------+-------+-------++-------
  Melee: Unarmed           |    41 |    46 ||    87
         Punch             |     1 |       ||     1
 Invoke: Heroism           |       |     2 ||     2
    Use: Scroll            |     1 |       ||     1
         Potion            |       |     1 ||     1
 Armour: Animal skin       |     4 |       ||     4
         Scale mail        |    14 |    17 ||    31
         Skin              |       |     3 ||     3
  Dodge: Dodged            |    26 |    14 ||    40

Table legend: (Time is in decaauts)
 A = Elapsed time spent in this place.
 B = Non-inter-level travel time spent in this place.
 C = Inter-level travel time spent in this place.
 D = Time resting spent in this place.
 E = Time spent auto-exploring this place.
 F = Levels seen in this place.
 G = Mean time per level.
                   A        B        C        D        E       F      G
               +--------+--------+--------+--------+--------+-----+--------+
         Total |    932 |    932 |      0 |     33 |    559 |   4 |  233.0 |
       Dungeon |    932 |    932 |      0 |     33 |    559 |   4 |  233.0 |
               +--------+--------+--------+--------+--------+-----+--------+

Top non-repeatable levels by time:
     D:1: 420 daAuts
     D:2: 258 daAuts
     D:5: 176 daAuts
     D:3: 77 daAuts
